 Dungeon Crawl Stone Soup version 0.28-a0-1435-g82390b3a13 (webtiles) character file.

Game seed: 6286942362263333896

8519 HallandMoats the Blocker (level 11, -1/89 HPs)
             Began as a Gnoll Fighter on Jan 9, 2022.
             Was an Elder of Kikubaaqudgha.
             Killed from afar by Erica (5 damage)
             ... with a lance of force
             ... on level 9 of the Dungeon.
             The game lasted 00:17:45 (11505 turns).

HallandMoats the Blocker (Gnoll Fighter)           Turns: 11505, Time: 00:17:48

Health: -1/89      AC: 19    Str: 18    XL:     11   Next: 32%
Magic:  0/29       EV: 12    Int:  7    God:    Kikubaaqudgha [****..]
Gold:   548        SH:  0    Dex: 14    Spells: 22/22 levels left

rFire   . . .      SeeInvis .   b - +2 spear (venom)
rCold   + . .      Faith    .   c - +0 buckler
rNeg    . . .      Spirit   +   s - +6 scale mail "Vudanac" {rElec MP+9}
rPois   .          Reflect  .   v - +0 hat
rElec   +          Harm     .   (no cloak)
rCorr   .          Rampage  .   y - +0 pair of gloves
Will    .....                   q - +2 pair of boots
Stlth   ..........              o - amulet of guardian spirit
HPRegen 0.24/turn               D - ring of protection from cold
MPRegen 0.21/turn               (no ring)

@: confused, flying, hasted and slowed
A: fangs 1, strong nose, distributed training
a: Renounce Religion, Receive Corpses


You were on level 9 of the Dungeon.
You worshipped Kikubaaqudgha.
Kikubaaqudgha was greatly pleased with you.
You visited 1 branch of the dungeon, and saw 9 of its levels.

You collected 758 gold pieces.
You spent 210 gold pieces at shops.

Inventory:

Hand Weapons
 a - a +0 war axe
 b - a +2 spear of venom (weapon)
Missiles
 m - 2 throwing nets (quivered)
Armour
 c - a +0 buckler (worn)
 q - a +2 pair of boots (worn)
 s - the +6 scale mail "Vudanac" (worn) {rElec MP+9}
   (You found it on level 4 of the Dungeon)

   rElec:     It insulates you from electricity.
   MP:        It affects your magic capacity (+9).
 v - a +0 hat (worn)
 y - a +0 pair of gloves (worn)
Jewellery
 o - an amulet of guardian spirit (around neck)
 D - a ring of protection from cold (left hand)
Wands
 d - a wand of iceblast (2)
 j - a wand of polymorph (7)
 r - a wand of flame (22)
 F - a wand of acid (5)
Scrolls
 e - 3 scrolls of teleportation {unknown}
 h - a scroll of torment {unknown}
 i - 4 scrolls of identify {unknown}
 k - a scroll of fog {unknown}
 n - a scroll of magic mapping {unknown}
 u - 2 scrolls of amnesia {unknown}
 w - a scroll of enchant weapon {unknown}
 B - a scroll of vulnerability {unknown}
 C - 3 scrolls of noise {unknown}
 G - a scroll of enchant armour {unknown}
 H - a scroll of blinking {unknown}
 I - a scroll of immolation {unknown}
Potions
 f - a potion of degeneration {unknown}
 g - 2 potions of magic
 l - a potion of brilliance
 p - 3 potions of lignification {unknown}
 t - a potion of mutation {unknown}
 x - a potion of flight
 z - a potion of ambrosia {unknown}
 A - 2 potions of attraction {unknown}
 E - a potion of haste


   Skills:
 + Level 9.1 Fighting
 + Level 6.2 Short Blades
 + Level 6.2 Long Blades
 + Level 7.8 Axes
 + Level 6.2 Maces & Flails
 + Level 6.2 Polearms
 + Level 6.2 Staves
 + Level 6.2 Slings
 + Level 6.2 Bows
 + Level 6.2 Crossbows
 + Level 6.2 Throwing
 + Level 9.1 Armour
 + Level 6.2 Dodging
 + Level 6.2 Stealth
 + Level 9.1 Shields
 + Level 6.2 Unarmed Combat
 + Level 6.2 Spellcasting
 + Level 5.1 Conjurations
 + Level 5.1 Hexes
 + Level 5.1 Summonings
 + Level 5.1 Necromancy
 + Level 5.1 Translocations
 + Level 5.1 Transmutations
 + Level 5.1 Fire Magic
 + Level 5.1 Ice Magic
 + Level 5.1 Air Magic
 + Level 5.1 Earth Magic
 + Level 5.1 Poison Magic
 + Level 6.8 Invocations
 + Level 6.2 Evocations


You had 22 spell levels left.
You didn't know any spells.
Your spell library contained the following spells:

 Spells                   Type           Power      Damage    Failure   Level
 Animate Skeleton         Necr           18%        N/A       10%         1
 Magic Dart               Conj           36%        1d4       10%         1
 Pain                     Necr           36%        1d5       10%         1
 Blink                    Tloc           18%        N/A       14%         2
 Call Imp                 Summ           9%         N/A       14%         2
 Static Discharge         Conj/Air       9%         N/A       14%         2
 Sublimation of Blood     Necr           9%         N/A       14%         2
 Lesser Beckoning         Tloc           9%         N/A       28%         3
 Mephitic Cloud           Conj/Pois/Air  9%         N/A       28%         3
 Vampiric Draining        Necr           9%         2d6       28%         3
 Animate Dead             Necr           4%         N/A       67%         4
 Dispel Undead            Necr           9%         3d8       67%         4
 Sticky Flame             Conj/Fire      9%         2d3       67%         4
 Agony                    Necr           9%         N/A       95%         5
 Excruciating Wounds      Necr           4%         N/A       95%         5
 Manifold Assault         Tloc           9%         N/A       95%         5
 Simulacrum               Ice/Necr       4%         N/A       100%        6


Dungeon Overview and Level Annotations

Branches:
Dungeon (9/15)             Temple (0/1) D:4
   Lair: D:8-11         Orc: D:9-12

Altars:
Kikubaaqudgha

Shops:
D:5 [   D:8 :

Annotations:
D:9 Erica


Innate Abilities, Weirdness & Mutations

You have very sharp teeth.
Your uncanny sense of smell can sniff out nearby items.
Your experience applies equally to all skills.


Message History

You hear some strange, mumbled words.
A lance of force appears from out of thin air!
The lance of force hits you!
You are knocked back by the lance of force.
You slam into the rock wall!
Something hits you. Something burns you. Something completely misses you.
There is an open door here.
Something is blocking the doorway!
Something hits you but does no damage. Something hits you!
* * * LOW HITPOINT WARNING * * *
Something burns you.
* * * LOW HITPOINT WARNING * * *
Something is blocking the doorway!
Something hits you.
* * * LOW HITPOINT WARNING * * *
Something burns you.
* * * LOW HITPOINT WARNING * * *
You hear some strange, mumbled words.
You are confused.
You feel yourself speed up.
You hear some strange, mumbled words.
You are more confused.
You bump into the rock wall.
Something hits you!
* * * LOW HITPOINT WARNING * * *
Something burns you.
* * * LOW HITPOINT WARNING * * *
You bump into the rock wall.
Something hits you but does no damage.
You're too confused to move!
Something hits you!
* * * LOW HITPOINT WARNING * * *
Something burns you.
* * * LOW HITPOINT WARNING * * *
Unknown command.
It was a potion of flight.
You feel very buoyant.
You fly up into the air.
You hear some strange, mumbled words.
A lance of force appears from out of thin air!
The lance of force hits you!
You die...
Kikubaaqudgha rasps: "You have failed me!
Welcome... death!"

#...>..#.....# .........#..#..
#......#.....##.........#.#)..
#......#..)...#.........#..#..
#.^....#.>....# ........#...#.
#......#......# .............
#......##'##### .........#...
#.............# .......#..#..
#.......#####{# .......#...#.
#.......# #@# .......#..#..
#.......# #.'.........#.#...
#.......# #.#.........#.....
#.......# #.#.........#...#.
#.###...# #.# ........#..#..
#.###...#####.# ..... #.#...
#.............# #### #..#..
#......##################...#.
#......#...................(..


There were no monsters in sight!

Vanquished Creatures
  A tengu warrior (D:9)
  3 two-headed ogres
  Pikel (D:6)
  A deep elf pyromancer (D:9)
  2 manticores (D:9)
  Grinder (D:3)
  Sigmund (D:5)
  A steam dragon (D:8)
  Grum (D:9)
  Edmund (D:6)
  An acid dragon (D:8)
  Duvessa (D:6)
  3 water moccasins
  3 orc warriors
  A black bear (D:6)
  2 ice beasts
  2 necrophages
  4 wolves
  7 centaurs
  A phantom (D:6)
  2 lemures (D:6)
  2 kobold brigands (D:9)
  4 bullfrogs
  A scorpion (D:6)
  2 gnoll sergeants (D:9)
  Dowan (D:6)
  A killer bee (D:9)
  3 wights (D:8)
  3 howler monkeys
  A bullfrog zombie (D:5)
  4 centaur zombies
  A bullfrog skeleton (D:6)
  A gnoll shaman (D:8)
  2 jellies
  A hound (D:5)
  An orc priest (D:9)
  An iguana (D:4)
  5 orc wizards
  A killer bee zombie (D:7)
  A hound zombie (D:5)
  2 howler monkey zombies (D:9)
  10 gnolls
  3 adders
  A shadow imp (D:5)
  2 white imps
  2 worms
  A dart slug (D:2)
  23 orcs
  5 ball pythons
  6 endoplasms
  4 giant cockroaches
  15 goblins
  4 hobgoblins
  8 jackals
  6 kobolds
  8 quokkas
  2 bats
  2 frilled lizards
  9 rats
189 creatures vanquished.

Vanquished Creatures (others)
  A vampire (D:9)
  A wight (D:8)
  An orc wizard (D:7)
3 creatures vanquished.

Grand Total: 192 creatures vanquished

Notes
Turn   | Place    | Note
-------+----------+-------------------------------------------
     0 | D:1      | HallandMoats the Gnoll Fighter began the quest for the Orb.
     0 | D:1      | Reached XP level 1. HP: 23/23 MP: 1/1
   171 | D:1      | Reached XP level 2. HP: 26/29 MP: 2/2
   659 | D:1      | Reached XP level 3. HP: 35/35 MP: 3/3
  1063 | D:2      | Reached skill level 1 in Invocations
  1124 | D:2      | Reached skill level 1 in Short Blades
  1124 | D:2      | Reached skill level 1 in Long Blades
  1124 | D:2      | Reached skill level 1 in Maces & Flails
  1124 | D:2      | Reached skill level 1 in Polearms
  1124 | D:2      | Reached skill level 1 in Staves
  1124 | D:2      | Reached skill level 1 in Slings
  1124 | D:2      | Reached skill level 1 in Bows
  1124 | D:2      | Reached skill level 1 in Crossbows
  1124 | D:2      | Reached skill level 1 in Throwing
  1124 | D:2      | Reached skill level 1 in Dodging
  1124 | D:2      | Reached skill level 1 in Stealth
  1124 | D:2      | Reached skill level 1 in Unarmed Combat
  1124 | D:2      | Reached skill level 1 in Spellcasting
  1124 | D:2      | Reached skill level 1 in Evocations
  1141 | D:2      | Reached XP level 4. HP: 22/41 MP: 5/5
  1603 | D:2      | Found a faded altar of an unknown god.
  1965 | D:2      | Prayed at the altar of an unknown god.
  1965 | D:2      | Became a worshipper of Kikubaaqudgha
  1965 | D:2      | Reached * piety under Kikubaaqudgha
  1965 | D:2      | Received a gift from Kikubaaqudgha
  2344 | D:3      | Reached skill level 1 in Conjurations
  2344 | D:3      | Reached skill level 1 in Hexes
  2344 | D:3      | Reached skill level 1 in Summonings
  2344 | D:3      | Reached skill level 1 in Necromancy
  2344 | D:3      | Reached skill level 1 in Translocations
  2344 | D:3      | Reached skill level 1 in Transmutations
  2344 | D:3      | Reached skill level 1 in Fire Magic
  2344 | D:3      | Reached skill level 1 in Ice Magic
  2344 | D:3      | Reached skill level 1 in Air Magic
  2344 | D:3      | Reached skill level 1 in Earth Magic
  2344 | D:3      | Reached skill level 1 in Poison Magic
  2384 | D:3      | Noticed Grinder
  2394 | D:3      | Paralysed by Grinder for 4 turns
  2400 | D:3      | Killed Grinder
  2401 | D:3      | Reached XP level 5. HP: 18/47 MP: 2/7
  2401 | D:3      | Reached XP level 6. HP: 20/53 MP: 2/8
  2890 | D:4      | Reached skill level 5 in Axes
  3188 | D:4      | Found a staircase to the Ecumenical Temple.
  3860 | D:4      | Identified the +6 scale mail "Vudanac" {rElec MP+9}
  4024 | D:5      | Entered Level 5 of the Dungeon
  4024 | D:5      | Found Gamahiaz's Antique Armour Boutique.
  4027 | D:5      | Bought a pair of embroidered boots for 210 gold pieces
  4122 | D:5      | Reached XP level 7. HP: 57/59 MP: 10/10
  4335 | D:5      | Reached ** piety under Kikubaaqudgha
  4539 | D:5      | Noticed Sigmund
  4549 | D:5      | Killed Sigmund
  4994 | D:6      | Reached XP level 8. HP: 47/67 MP: 12/12
  5131 | D:6      | Noticed Edmund
  5146 | D:6      | Noticed Dowan
  5151 | D:6      | Killed Edmund
  5158 | D:6      | Noticed Pikel
  5168 | D:6      | Noticed Duvessa
  5182 | D:6      | Killed Pikel
  5196 | D:6      | Killed Duvessa
  5207 | D:6      | Killed Dowan
  5262 | D:6      | Reached XP level 9. HP: 26/72 MP: 13/14
  7104 | D:8      | Reached skill level 5 in Invocations
  7504 | D:8      | Reached *** piety under Kikubaaqudgha
  7504 | D:8      | Received a gift from Kikubaaqudgha
  7593 | D:8      | Found Liskidar's Book Boutique.
  7996 | D:9      | Noticed a two-headed ogre
  7996 | D:9      | Noticed a manticore
  8014 | D:9      | Killed a two-headed ogre
  8015 | D:9      | Reached skill level 5 in Short Blades
  8015 | D:9      | Reached skill level 5 in Long Blades
  8015 | D:9      | Reached skill level 5 in Maces & Flails
  8015 | D:9      | Reached skill level 5 in Polearms
  8015 | D:9      | Reached skill level 5 in Staves
  8015 | D:9      | Reached skill level 5 in Slings
  8015 | D:9      | Reached skill level 5 in Bows
  8015 | D:9      | Reached skill level 5 in Crossbows
  8015 | D:9      | Reached skill level 5 in Throwing
  8015 | D:9      | Reached skill level 5 in Dodging
  8015 | D:9      | Reached skill level 5 in Stealth
  8015 | D:9      | Reached skill level 5 in Unarmed Combat
  8015 | D:9      | Reached skill level 5 in Spellcasting
  8015 | D:9      | Reached skill level 5 in Evocations
  8015 | D:9      | Reached XP level 10. HP: 48/81 MP: 17/17
  8058 | D:9      | Killed a manticore
  8161 | D:9      | Noticed a manticore
  8180 | D:9      | Killed a manticore
  8480 | D:9      | Noticed a deep elf pyromancer
  8542 | D:9      | Killed a deep elf pyromancer
  8843 | D:9      | Noticed a two-headed ogre
  9391 | D:8      | Identified the +1 leather armour of Patterns {Rampage}
  9449 | D:8      | Killed a two-headed ogre
  9711 | D:9      | Reached XP level 11. HP: 87/87 MP: 19/19
  9766 | D:9      | Noticed Grum
  9809 | D:8      | Reached **** piety under Kikubaaqudgha
 10180 | D:9      | Killed Grum
 10245 | D:9      | Reached skill level 5 in Conjurations
 10245 | D:9      | Reached skill level 5 in Hexes
 10245 | D:9      | Reached skill level 5 in Summonings
 10245 | D:9      | Reached skill level 5 in Necromancy
 10245 | D:9      | Reached skill level 5 in Translocations
 10245 | D:9      | Reached skill level 5 in Transmutations
 10245 | D:9      | Reached skill level 5 in Fire Magic
 10245 | D:9      | Reached skill level 5 in Ice Magic
 10245 | D:9      | Reached skill level 5 in Air Magic
 10245 | D:9      | Reached skill level 5 in Earth Magic
 10245 | D:9      | Reached skill level 5 in Poison Magic
 10439 | D:9      | Noticed a tengu warrior
 10804 | D:9      | Killed a tengu warrior
 11090 | D:9      | Noticed a two-headed ogre
 11114 | D:9      | Killed a two-headed ogre
 11474 | D:9      | Noticed Erica
 11504 | D:9      | HP: 4/89 [something (2)]
 11505 | D:9      | Killed from afar by Erica

Illustrated notes

Levels and vault maps discovered:
D:1:      wheals_arrival_shading, layout_rooms, chequers_mini_garden
D:2:      layout_basic, nicolae_ecumenical_lake_church, minmay_joined_circles
D:3:      layout_basic, uniq_grinder
D:4:      layout_loops_ring, minmay_temple_entry_wispy, grunt_ministairs_4,
          kennysheep_diamond, minivault_26, minmay_misc_feat_plants
D:5:      layout_gridville, serial_shops, nicolae_stop_n_shop_2,
          chequers_serial_rivers_small_3, minmay_misc_feat_rows,
          nrook_loot_triangle, palyth_stone_intersect, uniq_sigmund
D:6:      layout_rooms, uniq_duvessa, uniq_edmund, uniq_pikel
D:7:      layout_rooms
D:8:      hellmonk_ruined_rings, layout_cave_pools, serial_shops,
          kennysheep_little_box, lightli_bailey_entry_fortress,
          lemuel_old_faithful
D:9:      cheibrodos_fzero, layout_stronghold,
          nicolae_uskayaw_murder_on_the_dancefloor,
          minmay_fractal_squares_diagonal_5, uniq_grum, uniq_erica

Skill      XL: |  1  2  3  4  5  6  7  8  9 10 11 |
---------------+----------------------------------+-----
Invocations    | 1 2 3 4 5 6 |  6.8
Short Blades   | 1 2 3 5 6 |  6.2
Long Blades    | 1 2 3 5 6 |  6.2
Maces & Flails | 1 2 3 5 6 |  6.2
Polearms       | 1 2 3 5 6 |  6.2
Staves         | 1 2 3 5 6 |  6.2
Slings         | 1 2 3 5 6 |  6.2
Bows           | 1 2 3 5 6 |  6.2
Crossbows      | 1 2 3 5 6 |  6.2
Throwing       | 1 2 3 5 6 |  6.2
Dodging        | 1 2 3 5 6 |  6.2
Stealth        | 1 2 3 5 6 |  6.2
Unarmed Combat | 1 2 3 5 6 |  6.2
Spellcasting   | 1 2 3 5 6 |  6.2
Evocations     | 1 2 3 5 6 |  6.2
Conjurations   | 1 2 3 4 5 |  5.1
Hexes          | 1 2 3 4 5 |  5.1
Summonings     | 1 2 3 4 5 |  5.1
Necromancy     | 1 2 3 4 5 |  5.1
Translocations | 1 2 3 4 5 |  5.1
Transmutations | 1 2 3 4 5 |  5.1
Fire Magic     | 1 2 3 4 5 |  5.1
Ice Magic      | 1 2 3 4 5 |  5.1
Air Magic      | 1 2 3 4 5 |  5.1
Earth Magic    | 1 2 3 4 5 |  5.1
Poison Magic   | 1 2 3 4 5 |  5.1
Axes           | 5 6 7 |  7.8
Fighting       | 7 8 9 |  9.1
Armour         | 7 8 9 |  9.1
Shields        | 7 8 9 |  9.1

Action                   |  1- 3 |  4- 6 |  7- 9 | 10-12 || total
-------------------------+-------+-------+-------+-------++-------
Melee: War axe           |   111 |    96 |       |       ||   207
       Bite              |     6 |     9 |    50 |    63 ||   128
       Spear             |       |    18 |   395 |   372 ||   785
       Dagger            |       |    17 |       |       ||    17
Invok: Receive Corpses   |       |       |     1 |       ||     1
Evoke: Wand              |       |       |       |     1 ||     1
  Use: Potion            |       |       |     8 |     4 ||    12
Armor: Scale mail        |    50 |    54 |   274 |   245 ||   623
Dodge: Dodged            |    58 |    47 |   256 |   244 ||   605
Block: Buckler           |    31 |    21 |   141 |   166 ||   359

Table legend: (Time is in decaauts)
 A = Elapsed time spent in this place.
 B = Non-inter-level travel time spent in this place.
 C = Inter-level travel time spent in this place.
 D = Time resting spent in this place.
 E = Time spent auto-exploring this place.
 F = Levels seen in this place.
 G = Mean time per level.
                   A        B        C        D        E       F      G
               +--------+--------+--------+--------+--------+-----+--------+
         Total |  11524 |  10964 |    560 |   1347 |   7621 |   9 | 1280.4 |
       Dungeon |  11524 |  10964 |    560 |   1347 |   7621 |   9 | 1280.4 |
               +--------+--------+--------+--------+--------+-----+--------+

Top non-repeatable levels by time:
     D:8: 2358 daAuts
     D:9: 2090 daAuts
     D:2: 1310 daAuts
     D:4: 1241 daAuts
     D:6: 1056 daAuts
     D:7: 1026 daAuts
     D:5: 904 daAuts
     D:3: 800 daAuts
     D:1: 736 daAuts
